 Dungeon Crawl Stone Soup version 0.29-a0-791-ga0f254aafb (webtiles) character file.

Game seed: 5059873967674160412

2473 Malachi the Slicer (level 9, -11/61 HPs)
             Began as a Demonspawn Brigand on July 3, 2022.
             Was a Believer of Dithmenos.
             Killed from afar by a bouda (21 damage)
             ... with a bolt of acid
             ... on level 7 of the Dungeon.
             The game lasted 00:10:48 (8051 turns).

Malachi the Slicer (Demonspawn Brigand)             Turns: 8051, Time: 00:10:48

Health: -11/61     AC:  3    Str: 12    XL:     9   Next: 26%
Magic:  9/9        EV: 17    Int: 12    God:    Dithmenos [**....]
Gold:   433        SH:  5    Dex: 19    Spells: 9/9 levels left

rFire   . . .      SeeInvis +   D - +2 dagger (elec)
rCold   . . .      Faith    .   (no shield)
rNeg    . . .      Spirit   .   b - +0 robe
rPois   .          Reflect  +   (no helmet)
rElec   .          Harm     .   c - +0 cloak
rCorr   .          Rampage  .   (no gloves)
Will    .....                   (no boots)
Stlth   +++.......              q - amulet of reflection
HPRegen 0.20/turn               l - ring of see invisible
MPRegen 0.11/turn               f - +4 ring of evasion

@: about to teleport, wreathed by umbra
A: repulsion field 1, demonic guardian 1, demonic touch 2
a: Renounce Religion, Shadow Step


You were on level 7 of the Dungeon.
You worshipped Dithmenos.
Dithmenos was pleased with you.
You visited 1 branch of the dungeon, and saw 7 of its levels.
You also visited: Ossuary.

You collected 433 gold pieces.

Inventory:

Hand Weapons
 j - a +1 dagger of venom
 n - a +2 vampiric short sword
 t - the +2 rapier of Indomitability {chaos, rElec}
   (You found it on level 3 of the Dungeon)

   Each time it hits an enemy it has a different, random effect.
   rElec:     It insulates you from electricity.
 D - a +2 dagger of electrocution (weapon)
Missiles
 d - 19 poisoned darts (quivered)
 e - 3 curare-tipped darts
Armour
 b - a +0 robe (worn)
 c - a +0 cloak (worn)
Jewellery
 f - a +4 ring of evasion (right hand)
 i - an amulet of magic regeneration
 l - a ring of see invisible (left hand)
 q - an amulet of reflection (around neck)
 y - an amulet of the acrobat
Wands
 u - a wand of paralysis (14)
Scrolls
 a - a scroll of identify
 k - 3 scrolls of fog
 m - a scroll of brand weapon
 p - a scroll of vulnerability
 w - a scroll of blinking
Potions
 g - 5 potions of heal wounds
 h - 2 potions of flight
 r - 3 potions of brilliance
 s - a potion of berserk rage
 v - a potion of cancellation {unknown}
 z - a potion of haste {unknown}
 A - 5 potions of curing {unknown}
 C - a potion of magic {unknown}


   Skills:
 - Level 2.0 Fighting
 - Level 10.0 Short Blades
 + Level 0.4(6.2) Long Blades
 + Level 0.2(0.5) Axes
 + Level 0.3(0.9) Maces & Flails
 + Level 0.2(0.7) Polearms
 + Level 1.0(1.1) Staves
 + Level 0.6 Ranged Weapons
 - Level 1.7 Throwing
 + Level 0.4 Armour
 - Level 0.8 Dodging
 - Level 3.6 Stealth
 - Level 4.0 Shields
 + Level 0.2 Unarmed Combat
 + Level 0.5 Spellcasting
 + Level 0.3 Conjurations
 + Level 0.3 Hexes
 + Level 0.4 Summonings
 + Level 0.9 Necromancy
 + Level 0.3 Translocations
 + Level 0.3 Transmutations
 + Level 0.3 Fire Magic
 + Level 0.3 Ice Magic
 + Level 0.5 Air Magic
 + Level 0.6 Earth Magic
 + Level 0.6 Poison Magic
 + Level 1.0 Invocations
 + Level 0.9 Evocations


You had 9 spell levels left.
You didn't know any spells.
Your spell library contained the following spells:

 Spells                   Type           Power      Damage    Failure   Level
 Sublimation of Blood     Necr           2%         N/A       32%         2
 Poisonous Vapours        Pois/Air       2%         N/A       36%         2
 Ensorcelled Hibernation  Hex/Ice        2%         N/A       38%         2
 Wereblood                Tmut           1%         N/A       38%         2
 Spider Form              Tmut/Pois      1%         N/A       61%         3
 Anguish                  Hex/Necr       0%         N/A       94%         4
 Corpse Rot               Necr/Pois/Air  1%         N/A       94%         4
 Summon Hydra             Summ           0%         N/A       100%        7


Dungeon Overview and Level Annotations

Branches:
Dungeon (7/15)             Temple (0/1) D:5         Ossuary (visited)

Altars:
Ashenzari
Dithmenos
Fedhas
Nemelex Xobeh
Vehumet
Xom
Yredelemnul

Shops:
D:1 (


Innate Abilities, Weirdness & Mutations

You are surrounded by a mild repulsion field. (EV +2)
A weak demonic guardian rushes to your aid.
Your touch may inflict irresistible damage on your foes.


Message History

A gnoll comes into view. It is wielding a +0 halberd.
You hit the gnoll but do no damage. The gnoll hits you with a +0 spear.
You hit the gnoll.
The gnoll is moderately wounded.
You hit the gnoll.
The gnoll is severely wounded.
The gnoll hits you with a +0 spear.
You are too injured to fight recklessly!
You are too injured to fight recklessly!
You are too injured to fight recklessly!
You are too injured to fight recklessly!
You are too injured to fight recklessly!
You are too injured to fight recklessly!
You are too injured to fight recklessly!
You are too injured to fight recklessly!
You are too injured to fight recklessly!
You are too injured to fight recklessly!
You are too injured to fight recklessly!
You are too injured to fight recklessly!
You are too injured to fight recklessly!
You are too injured to fight recklessly!
You are too injured to fight recklessly!
You are too injured to fight recklessly!
You are too injured to fight recklessly!
You are too injured to fight recklessly!
You barely miss the gnoll.
You touch the gnoll.
You kill the gnoll!
Dithmenos accepts your kill.
The bouda barks out a call to the hunt!
The gnoll picks up the pace!
The bouda misses you.
The gnoll hits you from afar with a +0 halberd!
* * * LOW HITPOINT WARNING * * *
You see here a +0 spear.
The bouda attacks as you move away! The bouda hits you with a +0 whip!
* * * LOW HITPOINT WARNING * * *
The bouda attacks as you move away! The bouda barely misses you.
As you read the scroll of teleportation, it crumbles to dust.
You feel strangely unstable.
The bouda zaps a wand.
The bolt of acid hits you!!
You die...

#.####.#####z.#.##
#.............#.##
######.######.#.##
#.# #..))† #.#
#..### ######)#
#.. # #..))))#
#..### #.######
#..... #@# ##.###
#g# ..... #g#
..### #)# # #g# #
#.# # #.# # #.#
#).


You could see a bouda and 2 gnolls.

Vanquished Creatures
  Sigmund (D:4)
  Eustachio (D:5)
  A water moccasin (D:6)
  3 black bears
  A centaur (D:5)
  3 bullfrogs (D:7)
  A scorpion (D:4)
  A necrophage (D:5)
  3 wights (D:7)
  6 killer bees (D:7)
  A howler monkey (D:5)
  3 centaur zombies (Ossuary)
  4 crimson imps (D:5)
  4 orc priests
  2 human zombies (Ossuary)
  An iguana (D:6)
  5 orc wizards
  A hound zombie (Ossuary)
  3 mummies (Ossuary)
  6 adders
  3 gnolls (D:7)
  3 white imps
  6 adder zombies (Ossuary)
  3 worms
  A dart slug (D:1)
  24 orcs
  5 endoplasms
  2 giant cockroaches
  2 gnoll zombies (Ossuary)
  4 hobgoblins
  4 jackals (D:3)
  2 quokkas
  4 ball pythons
  5 bats
  A frilled lizard (D:2)
  7 goblins
  3 goblin zombies (Ossuary)
  4 hobgoblin zombies (Ossuary)
  2 jackal zombies (Ossuary)
  9 kobolds
  5 kobold zombies (Ossuary)
  An orc zombie (Ossuary)
  3 quokka zombies
  2 rats (D:2)
  2 rat zombies
158 creatures vanquished.

Vanquished Creatures (collateral kills)
  A sky beast (D:7)
  A jackal zombie (Ossuary)
2 creatures vanquished.

Grand Total: 160 creatures vanquished

Notes
Turn   | Place    | Note
-------+----------+-------------------------------------------
     0 | D:1      | Malachi the Demonspawn Brigand began the quest for the Orb.
     0 | D:1      | Reached XP level 1. HP: 16/16 MP: 1/1
   157 | D:1      | Found Obicecul's Weapon Emporium.
   213 | D:1      | Reached skill level 2 in Short Blades
   234 | D:1      | Gained mutation: Your touch may inflict minor irresistible
                  | damage on your foes. [demonic ancestry]
   234 | D:1      | Reached XP level 2. HP: 3/22 MP: 2/2
  1058 | D:2      | Reached skill level 3 in Short Blades
  1058 | D:2      | Reached XP level 3. HP: 27/27 MP: 3/3
  1220 | D:2      | Found a faded altar of an unknown god.
  1377 | D:2      | Found a radiant altar of Vehumet.
  2072 | D:3      | Reached XP level 4. HP: 33/33 MP: 4/4
  2132 | D:3      | Identified the +2 rapier of Indomitability {chaos, rElec}
  2159 | D:3      | Reached skill level 4 in Short Blades
  2827 | D:4      | Noticed Sigmund
  2947 | D:4      | Noticed a scorpion
  2956 | D:4      | Killed a scorpion
  2957 | D:4      | Gained mutation: Your touch may inflict irresistible damage
                  | on your foes. [demonic ancestry]
  2957 | D:4      | Reached XP level 5. HP: 27/38 MP: 5/5
  3637 | D:4      | Killed Sigmund
  3638 | D:4      | Reached skill level 5 in Short Blades
  3638 | D:4      | Reached skill level 1 in Shields
  3638 | D:4      | Reached XP level 6. HP: 44/44 MP: 6/6
  3892 | D:5      | Entered Level 5 of the Dungeon
  3930 | D:5      | Found a shimmering altar of Xom.
  3942 | D:5      | Reached skill level 6 in Short Blades
  4030 | D:5      | Noticed Eustachio
  4096 | D:5      | Gained mutation: You are surrounded by a mild repulsion
                  | field. (EV +2) [demonic ancestry]
  4096 | D:5      | Reached XP level 7. HP: 25/50 MP: 7/7
  4302 | D:5      | Reached skill level 7 in Short Blades
  4427 | D:5      | Killed Eustachio
  5317 | D:5      | Reached skill level 8 in Short Blades
  5317 | D:5      | Gained mutation: A weak demonic guardian rushes to your
                  | aid. [demonic ancestry]
  5317 | D:5      | Reached XP level 8. HP: 43/56 MP: 8/8
  5387 | D:5      | Found a basalt altar of Yredelemnul.
  5392 | D:5      | Found a broken altar of Ashenzari.
  5392 | D:5      | Found a sparkling altar of Nemelex Xobeh.
  5405 | D:5      | Found a blossoming altar of Fedhas.
  5408 | D:5      | Found a shadowy altar of Dithmenos.
  5416 | D:5      | Became a worshipper of Dithmenos the Shadowed
  5588 | D:5      | Found a staircase to the Ecumenical Temple.
  6175 | D:6      | Found a sand-covered staircase.
  6182 | Ossuary  | Entered an ossuary
  6626 | Ossuary  | Reached * piety under Dithmenos
  6693 | Ossuary  | Reached skill level 9 in Short Blades
  6825 | Ossuary  | Reached ** piety under Dithmenos
  7398 | D:7      | Reached skill level 10 in Short Blades
  7655 | D:7      | Reached XP level 9. HP: 53/61 MP: 9/9
  7689 | D:7      | Reached skill level 1 in Staves
  8027 | D:7      | Reached skill level 1 in Invocations
  8051 | D:7      | Killed from afar by a bouda

Illustrated notes

Levels and vault maps discovered:
D:1:      shiori_arrival_elements, layout_basic, serial_shops, shop
D:2:      layout_basic, basic_altar, hellmonk_ecumenical_altar_slurped_away
D:3:      layout_basic, serial_rivers, chequers_serial_rivers_micro_d,
          chequers_serial_rivers_large_a, chequers_serial_rivers_room_b,
          chequers_serial_rivers_micro_d, chequers_serial_rivers_micro_e,
          minmay_curled_crystal
D:4:      layout_basic, uniq_sigmund
D:5:      layout_basic, led_xom_imps, minmay_overflow_temple_star_hex,
          temple_doors_e, uniq_eustachio
D:6:      layout_rooms, enter_ossuary_4, minmay_misc_feat_cross,
          grunt_decor_clamped, nicolae_figureground_sparkle
D:7:      layout_loops_ring

Skill      XL: |  1  2  3  4  5  6  7  8  9 |
---------------+----------------------------+-----
Short Blades   | 2 3 4 5 6 8 10 | 10.0
Shields        | 1 2 4 |  4.0
Staves         | 1 |  1.0
Invocations    | 1 |  1.0
Fighting       | |  2.0
Long Blades    | |  0.4
Axes           | |  0.2
Maces & Flails | |  0.3
Polearms       | |  0.2
Ranged Weapons | |  0.6
Throwing       | |  1.7
Armour         | |  0.4
Dodging        | |  0.8
Stealth        | |  3.6
Unarmed Combat | |  0.2
Spellcasting   | |  0.5
Conjurations   | |  0.3
Hexes          | |  0.3
Summonings     | |  0.4
Necromancy     | |  0.9
Translocations | |  0.3
Transmutations | |  0.3
Fire Magic     | |  0.3
Ice Magic      | |  0.3
Air Magic      | |  0.5
Earth Magic    | |  0.6
Poison Magic   | |  0.6
Evocations     | |  0.9

Action                   |  1- 3 |  4- 6 |  7- 9 || total
-------------------------+-------+-------+-------++-------
Melee: Dagger            |    86 |   103 |   256 ||   445
       Touch             |     9 |    18 |    66 ||    93
       Punch             |       |       |     4 ||     4
       Rapier            |       |       |    63 ||    63
  Use: Scroll            |     3 |     1 |     9 ||    13
       Potion            |       |     4 |       ||     4
 Stab: Sleeping          |    12 |     8 |    11 ||    31
       Distracted        |       |     1 |     3 ||     4
       Confused          |       |       |     1 ||     1
Armor: Robe              |    21 |    21 |    24 ||    66
       Skin              |       |     3 |       ||     3
Dodge: Dodged            |    31 |    66 |   166 ||   263
Block: Other             |     3 |    21 |    52 ||    76
       Reflection        |       |       |     1 ||     1

Table legend: (Time is in decaauts)
 A = Elapsed time spent in this place.
 B = Non-inter-level travel time spent in this place.
 C = Inter-level travel time spent in this place.
 D = Time resting spent in this place.
 E = Time spent auto-exploring this place.
 F = Levels seen in this place.
 G = Mean time per level.
                   A        B        C        D        E       F      G
               +--------+--------+--------+--------+--------+-----+--------+
         Total |   7897 |   7748 |    149 |   2937 |   3559 |   8 |  987.1 |
       Dungeon |   7239 |   7090 |    149 |   2549 |   3468 |   7 | 1034.1 |
       Ossuary |    658 |    658 |      0 |    388 |     91 |   1 |  658.0 |
               +--------+--------+--------+--------+--------+-----+--------+

Top non-repeatable levels by time:
     D:5: 1726 daAuts
     D:1: 1049 daAuts
     D:4: 1007 daAuts
     D:2: 964 daAuts
     D:6: 954 daAuts
     D:3: 865 daAuts
     D:7: 671 daAuts
 Ossuary: 658 daAuts
